 Dungeon Crawl Stone Soup version 0.27-a0-1217-g8a41f320e8 (webtiles) character file.

Game seed: 16452661360371815155

2209 quinnr the Thaumaturge (level 9, -3/55 HPs)
             Began as a Djinni Air Elementalist on June 5, 2021.
             Shot with an arrow by a centaur (4 damage)
             ... on level 7 of the Dungeon.
             The game lasted 00:22:54 (10574 turns).

quinnr the Thaumaturge (Djinni Air Elementalist)   Turns: 10574, Time: 00:22:54

Health: -3/55      AC:  3    Str:  8    XL:     9   Next: 61%
Gold:   63         EV: 12    Int: 19    God:
                   SH:  0    Dex: 14

rFire    + + .     SeeInvis .   c - +1 dagger (venom)
rCold    . . .     Faith    .   (no shield)
rNeg     . . .     Spirit   .   E - +1 robe {rC+}
rPois    ∞         Reflect  .   (no helmet)
rElec    .         Harm     .   (no cloak)
rCorr    .         Rampage  .   (no gloves)
Will     .....                  (boots unavailable)
Stlth    ++........             (no amulet)
HPRegen  0.18/turn              (no ring)
MPRegen  0.00/turn              (no ring)

@: about to teleport, flying
A: sickness immunity, fire resistance 2, cold vulnerability 1, float, innate
caster, hp casting, extra vitality 1
a: no special abilities


You were on level 7 of the Dungeon.
You visited 1 branch of the dungeon, and saw 7 of its levels.

You collected 371 gold pieces.
You spent 308 gold pieces at shops.

Inventory:

Hand Weapons
 c - a +1 dagger of venom (weapon)
 u - a +1 spectral club
Missiles
 e - 78 stones
 l - a throwing net
Armour
 a - a +0 robe
 o - a +0 buckler
 q - a +0 leather armour of fire resistance
 E - a +1 robe of cold resistance (worn)
Jewellery
 B - an amulet of guardian spirit
Wands
 h - a wand of flame (23)
 k - a wand of digging (5)
 w - a wand of iceblast (10)
Scrolls
 b - 4 scrolls of teleportation
 d - a scroll of blinking
 f - a scroll of acquirement {unknown}
 g - 2 scrolls of enchant armour {unknown}
 i - a scroll of fear {unknown}
 j - a scroll of brand weapon {unknown}
 m - a scroll of vulnerability
 p - 3 scrolls of enchant weapon
 r - 2 scrolls of amnesia {unknown}
 s - 2 scrolls of noise
 t - a scroll of fog {unknown}
 y - 2 scrolls of summoning
Potions
 n - a potion of ambrosia
 v - 5 potions of curing
 z - a potion of flight
 A - a potion of haste {unknown}
 C - a potion of might
 D - a potion of berserk rage {unknown}


   Skills:
 - Level 2.2 Dodging
 - Level 2.0 Stealth
 + Level 9.6 Spellcasting


You had 3 spell levels left.
You knew the following spells:

 Your Spells              Type           Power      Damage    Failure   Level
a - Shock                 Conj/Air       100%       1d9       1%          1
b - Static Discharge      Conj/Air       45%        N/A       1%          2
c - Swiftness             Air            45%        N/A       1%          3
d - Airstrike             Air            22%        N/A       1%          4
e - Lightning Bolt        Conj/Air       22%        1d38      4%          5
f - Foxfire               Conj/Fire      100%       2x1d9     1%          1
g - Slow                  Hex            45%        N/A       1%          2
h - Ignite Poison         Fire/Tmut/Pois 45%        N/A       1%          3
i - Lesser Beckoning      Tloc           22%        N/A       1%          3
Your spell library was empty.

Dungeon Overview and Level Annotations

Branches:
Dungeon (7/15)
 Temple: D:4-7

Altars:
Fedhas

Shops:
D:4 :   D:5 *   D:6 *[!

Annotations:
D:5 1 runed translucent door, zarzak's ghost, novice DgFi


Innate Abilities, Weirdness & Mutations

You are immune to sickness and miasma.
You are immune to poison.
Your flesh is very heat resistant. (rF++)
You are vulnerable to cold. (rC-)
You float through the air rather than walking.
You learn spells naturally, not from books.
Your magical power is your life essence.
You have superior vitality. (+4 HP)


Message History

Something hits you. The orc warrior misses you.
Casting: Lightning Bolt (dangerous; 4% risk of failure)
Confirm with . or Enter, or press ? or * to list all spells.
The orc warrior is struck by an arc of lightning!
You kill the orc warrior!
You are struck by an arc of lightning.
* * * LOW HITPOINT WARNING * * *
The orc is struck by an arc of lightning.
The orc is heavily wounded.
Something is struck by an arc of lightning.
The lightning grounds out.
The orc is struck by an arc of lightning!
You kill the orc!
Something is struck by an arc of lightning.
Reactivating autopickup.
You feel a bit more experienced.
* * * LOW HITPOINT WARNING * * *
Unknown command.
You reach down and close the door, pushing everything out of the way.
You start resting.
A centaur opens the door.
You reach down and close the door.
A centaur opens the door.
You reach down and close the door.
A centaur opens the door.
As you close the door, it creaks loudly!
You hear a shout!
A centaur opens the door.
The centaur wields a +0 shortbow.
The centaur shoots an arrow.
The arrow hits you!
* * * LOW HITPOINT WARNING * * *
You hear a croak.
You feel better.
The centaur shoots an arrow.
The arrow hits you!
* * * LOW HITPOINT WARNING * * *
A bullfrog comes into view.
Unknown command.
Blink to where?
Press: ? - help, Dir - move target
As you read the scroll of blinking, it crumbles to dust.
As you read the scroll of teleportation, it crumbles to dust.
You feel strangely unstable.
The centaur shoots an arrow.
The arrow barely misses you.
The centaur shoots an arrow.
The arrow hits you.
You die...

.....##..####.# .......##
#.....#..####.########........
'.....#....#....#....#........
#.....#....#....#...§#).......
#.....#....#....#...(cF.......
#.....#....##...##..)#).......
#.....#....##...##...#........
#.....#.....#........#........
......#...".#...@....#........
......#....##...######..>.....
......#....##...# ..........#
......#.........+ .........+
......#....###### ........#
#.....#..).# .......#
#.....#....# ......#
#.....###### #.....#
#........... #.....#


You could see a bullfrog and a centaur.

Vanquished Creatures
  Sigmund (D:4)
  2 water moccasins
  An orc warrior (D:7)
  2 sky beasts
  2 centaurs
  4 ogres
  2 bullfrogs (D:6)
  2 scorpions (D:6)
  A bullfrog zombie (D:5)
  A centaur zombie (D:6)
  A centaur skeleton (D:6)
  An orc priest (D:5)
  3 hounds
  Jessica (D:2)
  5 iguanas
  Ijyb (D:5)
  3 orc wizards
  Natasha (thrice) (D:3)
  A scorpion zombie (D:5)
  5 adders
  7 gnolls
  A shadow imp (D:6)
  2 white imps
  4 worms
  2 dart slugs
  17 orcs
  3 endoplasms
  6 giant cockroaches
  9 goblins
  2 hobgoblins
  9 jackals
  5 quokkas
  7 ball pythons
  4 bats
  3 frilled lizards
  4 kobolds
  4 rats
131 creatures vanquished.

Vanquished Creatures (others)
  69 foxfires
  8 plants (D:7)
77 creatures vanquished.

Grand Total: 208 creatures vanquished

Notes
Turn   | Place    | Note
-------+----------+-------------------------------------------
     0 | D:1      | quinnr the Djinni Air Elementalist began the quest for the
                  | Orb.
     0 | D:1      | Reached XP level 1. HP: 15/15 MP: 0/0
   354 | D:1      | Reached XP level 2. HP: 16/21 MP: 0/0
   645 | D:1      | Found a faded altar of an unknown god.
  1060 | D:1      | Reached XP level 3. HP: 23/25 MP: 0/0
  1060 | D:1      | Learned a level 1 spell: Foxfire
  1126 | D:1      | Reached skill level 3 in Spellcasting
  1581 | D:2      | HP: 1/25 [adder (2)]
  1588 | D:2      | Reached XP level 4. HP: 15/31 MP: 0/0
  2597 | D:2      | Reached skill level 4 in Spellcasting
  2597 | D:2      | Reached XP level 5. HP: 33/35 MP: 0/0
  2597 | D:2      | Learned a level 2 spell: Slow
  3117 | D:3      | Noticed Jessica
  3135 | D:2      | Killed Jessica
  3987 | D:3      | Noticed Natasha
  3999 | D:3      | Killed Natasha
  4000 | D:3      | Reached XP level 6. HP: 31/40 MP: 0/0
  4084 | D:3      | Noticed an ogre
  4094 | D:3      | Killed an ogre
  4095 | D:3      | Reached skill level 5 in Spellcasting
  4431 | D:3      | Noticed Natasha
  4439 | D:3      | Killed Natasha
  4628 | D:3      | Noticed Natasha
  4637 | D:3      | Killed Natasha
  5059 | D:4      | Reached XP level 7. HP: 39/45 MP: 0/0
  5059 | D:4      | Learned a level 3 spell: Ignite Poison
  5492 | D:4      | Found Durphail's Book Shop.
  5689 | D:4      | Noticed a water moccasin
  5696 | D:4      | Killed a water moccasin
  5697 | D:4      | Reached skill level 6 in Spellcasting
  6005 | D:4      | Found a blossoming altar of Fedhas.
  6007 | D:4      | Noticed Sigmund
  6016 | D:4      | Killed Sigmund
  6465 | D:5      | Entered Level 5 of the Dungeon
  6472 | D:5      | Reached XP level 8. HP: 27/50 MP: 0/0
  6756 | D:5      | Reached skill level 7 in Spellcasting
  7073 | D:5      | Found a runed translucent door.
  7802 | D:5      | Noticed Ijyb
  7811 | D:5      | Killed Ijyb
  7814 | D:5      | quinnr: ??spectral club
  7814 | D:5      | beem: I don't have a page labeled spectral_club in my
                  | learndb.
  7814 | D:5      | quinnr: ??spectral
  7814 | D:5      | beem: spectral[1/1]: A weapon ego that creates an allies
                  | clone of your wielded weapon, see {spectral ego}. Also a
                  | type of {derived undead}, see {spectral thing}.
  7953 | D:5      | Found Nifrix's General Store.
  8172 | D:5      | Noticed zarzak's ghost (novice DgFi)
  8613 | D:6      | Reached skill level 8 in Spellcasting
  8613 | D:6      | quinnr: ??lightning bolt
  8613 | D:6      | beem: lightning bolt[1/3]: Level 5 conjurations/air spell.
                  | Extremely loud -- only a little quieter than Shatter --
                  | but follows the same {bolt bouncing} rules as Shock.
                  | To-hit:7+power/40.
  8773 | D:6      | Reached XP level 9. HP: 40/55 MP: 0/0
  8773 | D:6      | Learned a level 3 spell: Lesser Beckoning
  8794 | D:6      | Found Doipau's Assorted Antiques.
  8863 | D:6      | Bought a smoky brown potion for 16 gold pieces
  8863 | D:6      | Bought a white potion for 16 gold pieces
  8863 | D:6      | Bought a scroll of teleportation for 54 gold pieces
  8863 | D:6      | Bought a scroll labelled RALAMAYPAR for 18 gold pieces
  8863 | D:6      | Bought a scroll labelled ORI ESUUFO for 18 gold pieces
  8863 | D:6      | Bought 2 scrolls labelled QIPUME RUNA for 36 gold pieces
  8994 | D:6      | Found Unot's Antique Armour Emporium.
  9097 | D:6      | Found Sibeafiu's Distillery.
  9108 | D:6      | Bought a potion of curing for 45 gold pieces
  9108 | D:6      | Bought a potion of might for 60 gold pieces
  9108 | D:6      | Bought a potion of curing for 45 gold pieces
  9307 | D:6      | Reached skill level 9 in Spellcasting
 10572 | D:7      | HP: 1/55 [centaur/arrow (12)]
 10574 | D:7      | Shot with an arrow by a centaur

Illustrated notes

Levels and vault maps discovered:
D:1:      dpeg_arrival_connections, layout_basic,
          shapermc_ecumenical_altar_notcrosses, serial_glass, glass_columns_b,
          glass_columns_a, glass_columns_a, glass_columns_c, glass_columns_c,
          glass_columns_a, glass_columns_a, glass_columns_a, glass_columns_a,
          glass_columns_b, minmay_strange_pillars, corexii_leaking_fountain,
          minmay_curled_crystal, hangedman_abyss_or_decor_stabs
D:2:      layout_basic, minmay_worlds_worst_comb
D:3:      layout_loops_cross, uniq_natasha, uniq_jessica
D:4:      layout_basic, kennysheep_mini_moat, serial_shops, shop, uniq_sigmund
D:5:      layout_loops_corners, ebering_ghost_sewer_d, serial_shops,
          nicolae_shop_statue_plus, uniq_ijyb
D:6:      layout_cave_pools, serial_shops, nicolae_shop_trees, shop,
          nicolae_shop_trees, minmay_pentangle
D:7:      nzn_winding_woodlands_small [nzn_winding_woodlands_5x15_garden,
          nzn_winding_woodlands_center_diamonds,
          nzn_winding_woodlands_5x15_twine], layout_gridville,
          minmay_temple_entry_offerings

Skill      XL: |  1  2  3  4  5  6  7  8  9 |
---------------+----------------------------+-----
Stealth        | 2 |  2.0
Spellcasting   | 3 4 5 6 8 9 |  9.6
Dodging        | |  2.2

Action                   |  1- 3 |  4- 6 |  7- 9 || total
-------------------------+-------+-------+-------++-------
Melee: Dagger            |       |       |    11 ||    11
 Cast: Shock             |    46 |    98 |    99 ||   243
       Foxfire           |    10 |    18 |    13 ||    41
       Static Discharge  |       |    13 |    30 ||    43
       Slow              |       |    10 |     9 ||    19
       Ignite Poison     |       |       |     4 ||     4
       Airstrike         |       |       |    25 ||    25
       Lightning Bolt    |       |       |     5 ||     5
       Lesser Beckoning  |       |       |     1 ||     1
  Use: Potion            |     3 |       |     3 ||     6
       Scroll            |       |       |    10 ||    10
Armor: Robe              |     4 |     2 |     3 ||     9
       Skin              |       |       |     2 ||     2
Dodge: Dodged            |    13 |    21 |    35 ||    69

Table legend: (Time is in decaauts)
 A = Elapsed time spent in this place.
 B = Non-inter-level travel time spent in this place.
 C = Inter-level travel time spent in this place.
 D = Time resting spent in this place.
 E = Time spent auto-exploring this place.
 F = Levels seen in this place.
 G = Mean time per level.
                   A        B        C        D        E       F      G
               +--------+--------+--------+--------+--------+-----+--------+
         Total |  10595 |  10323 |    272 |   3012 |   6387 |   7 | 1513.6 |
       Dungeon |  10595 |  10323 |    272 |   3012 |   6387 |   7 | 1513.6 |
               +--------+--------+--------+--------+--------+-----+--------+

Top non-repeatable levels by time:
     D:2: 2542 daAuts
     D:5: 1923 daAuts
     D:4: 1558 daAuts
     D:6: 1377 daAuts
     D:1: 1377 daAuts
     D:3: 1277 daAuts
     D:7: 539 daAuts
